[Event "Titled Tuesday Blitz January 31 Late 2023"]
[White "Van Foreest, Lucas"]
[Black "Sanal, Vahap"]
[WhiteFideId "1039792"]
[BlackFideId "6300545"]
[WhiteElo "2556"]
[BlackElo "2600"]
[Result "0-1"]
[Round "04"]
[TimeControl "180+2"]
[Date "2023.01.31"]
[WhiteClock "0:00:03"]
[BlackClock "0:00:52"]

1. e4 d6 2. Bb5+ c6 3. Bf1 Nf6 4. Nc3 d5 5. d3 e5 6. Nf3 Bd6 7. g3 O-O 8. Bg2 Be6 9. O-O Nbd7 10. Ng5 Bg4 11. Qe1 h6 12. Nh3 Re8 13. f3 Be6 14. f4 dxe4 15. f5 Bd5 16. dxe4 Bc4 17. Rf3 Ng4 18. Bf1 Qb6+ 19. Kg2 Bxf1+ 20. Rxf1 Rad8 21. Qe2 Ngf6 22. g4 Bc5 23. g5 hxg5 24. Nxg5 Bd4 25. Nd1 Qb5 26. Qf3 a5 27. c3 Ba7 28. a4 Qb3 29. Qe2 Nb6 30. Be3 Nc4 31. Kh1 Rxd1 32. Rfxd1 Bxe3 33. Nf3 Nxe4 34. Ra3 Qxd1+ 0-1


[Site "https://www.chess.com"]

[Event "Titled Tuesday Blitz January 31 Late 2023"]
[White "Tang, Andrew"]
[Black "Boruchovsky, Avital"]
[WhiteFideId "2059630"]
[BlackFideId "2800055"]
[WhiteElo "2523"]
[BlackElo "2539"]
[Result "0-1"]
[Round "04"]
[TimeControl "180+2"]
[Date "2023.01.31"]
[WhiteClock "0:00:01"]
[BlackClock "0:00:49"]

1. d4 Nf6 2. Nf3 b5 3. Bf4 Bb7 4. e3 a6 5. c4 bxc4 6. Bxc4 e6 7. Qb3 Qc8 8. Nc3 Nc6 9. Be2 Be7 10. h3 O-O 11. O-O d6 12. Rfc1 Qd7 13. a3 h6 14. e4 Rab8 15. Qc2 Nxd4 16. Nxd4 e5 17. Bxe5 dxe5 18. Nf5 Bc5 19. Bc4 Bd4 20. Rd1 c5 21. Qe2 Kh7 22. Rd3 Bxe4 23. Nxe4 Qxf5 24. Rf3 Qxe4 25. Bd3 Qxd3 26. Rxd3 Rxb2 27. Qd1 e4 0-1


[Site "https://www.chess.com"]

[Event "Titled Tuesday Blitz January 31 Late 2023"]
[White "Holt, Conrad"]
[Black "Kozak, Adam"]
[WhiteFideId "2034387"]
[BlackFideId "753246"]
[WhiteElo "2540"]
[BlackElo "2572"]
[Result "0-1"]
[Round "04"]
[TimeControl "180+2"]
[Date "2023.01.31"]
[WhiteClock "0:00:02"]
[BlackClock "0:00:04"]

1. d4 Nf6 2. c4 e6 3. Nc3 d5 4. cxd5 exd5 5. Bg5 c6 6. e3 h6 7. Bh4 Bf5 8. Qf3 Be6 9. Bxf6 Qxf6 10. Qxf6 gxf6 11. Bd3 a5 12. Nge2 Rg8 13. g3 Nd7 14. Kd2 Bd6 15. Nf4 Ke7 16. Rhe1 a4 17. Ng2 a3 18. b3 Bb4 19. Rec1 Rgd8 20. Ke2 Rac8 21. Nf4 f5 22. Ng2 Nf6 23. Nh4 Ne4 24. Na4 b5 25. Nc5 Nxc5 26. dxc5 Kf6 27. Nf3 Bd7 28. Nd4 Ra8 29. Rc2 Re8 30. Kf3 Rg8 31. Rd1 Rae8 32. Kg2 Re7 33. Be2 Re4 34. Bf3 Re5 35. Ne2 Rge8 36. Rd4 Ba5 37. Rh4 Kg7 38. b4 Bd8 39. Rd4 Bf6 40. Rd3 Ra8 41. Nf4 Kf8 42. Rb3 Ra4 43. Ne2 Re7 44. Nc3 Ra6 45. Rd2 Be6 46. Nd1 d4 47. Rbd3 Bc4 48. exd4 Ra4 49. Bxc6 Bxd3 50. Rxd3 Rxb4 51. d5 Bd4 52. Rxa3 Bxc5 53. Rf3 Re5 54. Nc3 Rb2 55. Bxb5 Bd4 56. Bc4 Rc2 0-1


[Site "https://www.chess.com"]

[Event "Titled Tuesday Blitz January 31 Late 2023"]
[White "Dominguez Perez, Leinier"]
[Black "Yanchenko, Roman"]
[WhiteFideId "3503240"]
[BlackFideId "4137329"]
[WhiteElo "2739"]
[BlackElo "2466"]
[Result "1-0"]
[Round "04"]
[TimeControl "180+2"]
[Date "2023.01.31"]
[WhiteClock "0:00:07"]
[BlackClock "0:00:03"]

1. d4 d5 2. Nf3 Bf5 3. e3 e6 4. Nbd2 Nf6 5. c4 c6 6. Nh4 Be4 7. Be2 Bd6 8. O-O Ng4 9. Bxg4 Qxh4 10. g3 Qe7 11. cxd5 exd5 12. Nxe4 dxe4 13. d5 O-O 14. Qb3 c5 15. Bd2 b6 16. a4 f5 17. Be2 Nd7 18. a5 Ne5 19. axb6 axb6 20. Bc3 Nf3+ 21. Kg2 Rab8 22. Qb5 h5 23. Ra4 h4 24. Rfa1 Rf7 25. Ra7 h3+ 26. Kxh3 Qg5 27. Kg2 Qh5 28. h3 Rbf8 29. Rxf7 Rxf7 30. Ra8+ Kh7 31. Rd8 Qg6 32. Qc6 Nh4+ 33. Kf1 1-0


[Site "https://www.chess.com"]

[Event "Titled Tuesday Blitz January 31 Late 2023"]
[White "Svane, Rasmus"]
[Black "Bacrot, Etienne"]
[WhiteFideId "4657101"]
[BlackFideId "605506"]
[WhiteElo "2623"]
[BlackElo "2667"]
[Result "0-1"]
[Round "04"]
[TimeControl "180+2"]
[Date "2023.01.31"]
[WhiteClock "0:01:11"]
[BlackClock "0:00:58"]

1. Nf3 d5 2. g3 Nf6 3. Bg2 g6 4. O-O Bg7 5. c4 O-O 6. cxd5 Nxd5 7. Nc3 Nb6 8. d3 Nc6 9. Be3 e5 10. Rc1 h6 11. Qd2 Kh7 12. Rfd1 f5 13. a3 Be6 14. b4 Bb3 15. Re1 Nd4 16. Qb2 Bg8 17. Bxd4 exd4 18. Nb5 Na4 19. Qa1 Nc3 20. Nxc3 dxc3 21. d4 a5 22. Qxc3 axb4 23. axb4 c6 24. Ne5 Ra2 25. Ra1 Qa8 26. Rxa2 Qxa2 27. Bf3 Rd8 28. h4 Qb3 29. Qc5 Bf8 30. Qxc6 bxc6 0-1


[Site "https://www.chess.com"]

[Event "Titled Tuesday Blitz January 31 Late 2023"]
[White "Kilic, Eray"]
[Black "Rasulov, Vugar"]
[WhiteFideId "44517173"]
[BlackFideId "13402390"]
[WhiteElo "2414"]
[BlackElo "2523"]
[Result "0-1"]
[Round "04"]
[TimeControl "180+2"]
[Date "2023.01.31"]
[WhiteClock "0:01:03"]
[BlackClock "0:01:07"]

1. e4 c5 2. Nf3 e6 3. c3 Nf6 4. e5 Nd5 5. d4 cxd4 6. cxd4 d6 7. Bc4 Nc6 8. O-O Be7 9. Qe2 O-O 10. Rd1 Bd7 11. Nc3 Nxc3 12. bxc3 Rc8 13. Bd3 g6 14. Bh6 Re8 15. Qe3 Qa5 16. Ng5 dxe5 17. Ne4 exd4 18. cxd4 Nb4 19. Be2 Nc2 20. Qf3 Qf5 21. Rac1 Ba4 22. Rd2 Nb4 23. Nc5 Qxf3 24. Bxf3 Bc6 25. Bxc6 Rxc6 26. Rb1 b6 27. Ne4 Rec8 28. g3 Nd5 29. Kg2 Bf8 30. Bg5 Bg7 31. Rb3 h6 32. Be3 Rc2 33. Rdd3 Rxa2 34. Nd6 Rcc2 35. Kf3 Nxe3 36. fxe3 Rf2+ 0-1


[Site "https://www.chess.com"]

[Event "Titled Tuesday Blitz January 31 Late 2023"]
[White "Drygalov, Sergey"]
[Black "Riehle, Marco"]
[WhiteFideId "24171743"]
[BlackFideId "12904392"]
[WhiteElo "2547"]
[BlackElo "2368"]
[Result "1-0"]
[Round "04"]
[TimeControl "180+2"]
[Date "2023.01.31"]
[WhiteClock "0:01:41"]
[BlackClock "0:02:01"]

1. d4 d5 2. c4 e6 3. Nc3 c5 4. cxd5 cxd4 5. Qxd4 Nc6 6. Qd1 exd5 7. Qxd5 Be6 8. Qxd8+ Rxd8 9. Bd2 Nb4 10. Rc1 Nxa2 11. Nxa2 Bxa2 12. e3 a6 13. Nf3 Nf6 14. Nd4 Bd5 15. Ba5 Rb8 16. f3 Bd6 17. e4 Be5 18. Nf5 Bc6 19. Nxg7+ Kf8 20. Nf5 Bxb2 21. Bb4+ Ke8 22. Nd6+ Kd7 23. Rd1 Kc7 24. Nxf7 Rhe8 25. Bd6+ Kb6 26. Rb1 1-0


[Site "https://www.chess.com"]

[Event "Titled Tuesday Blitz January 31 Late 2023"]
[White "Bartel, Mateusz"]
[Black "Zierk, Steven"]
[WhiteFideId "1112635"]
[BlackFideId "2034255"]
[WhiteElo "2609"]
[BlackElo "2488"]
[Result "0-1"]
[Round "04"]
[TimeControl "180+2"]
[Date "2023.01.31"]
[WhiteClock "0:00:04"]
[BlackClock "0:00:14"]

1. e4 e6 2. d4 d5 3. Nc3 Bb4 4. exd5 exd5 5. Bd3 Nc6 6. a3 Bxc3+ 7. bxc3 Nf6 8. h3 O-O 9. Ne2 Re8 10. O-O Ne4 11. Bf4 Ne7 12. c4 Bf5 13. c5 b6 14. f3 Nf6 15. cxb6 axb6 16. Ng3 Bxd3 17. Qxd3 Ng6 18. Bg5 h6 19. Bd2 Qd7 20. Nf5 Nh5 21. g3 Re6 22. Kg2 Rf6 23. Kh2 Rxf5 24. g4 Qd6+ 25. f4 Rxf4 26. Bxf4 Nhxf4 27. Qg3 Ra4 28. c3 Rxa3 29. Rxa3 Qxa3 30. Rf2 Qc1 31. h4 h5 32. gxh5 Nxh5 33. Qxc7 Nf6 34. Qg3 Qh6 35. Kh3 Ne4 36. Qb8+ Kh7 37. Rxf7 Ng5+ 0-1


[Site "https://www.chess.com"]

[Event "Titled Tuesday Blitz January 31 Late 2023"]
[White "Oganian, Miran"]
[Black "Chigaev, Maksim"]
[WhiteFideId "4122488"]
[BlackFideId "4108116"]
[WhiteElo "2439"]
[BlackElo "2628"]
[Result "0-1"]
[Round "04"]
[TimeControl "180+2"]
[Date "2023.01.31"]
[WhiteClock "0:00:16"]
[BlackClock "0:00:36"]

1. e4 c5 2. Nf3 e6 3. c3 d5 4. exd5 Qxd5 5. d4 Nf6 6. Be2 Be7 7. O-O O-O 8. Ne5 cxd4 9. cxd4 Nc6 10. Nc3 Qd6 11. Nb5 Qd8 12. Bf3 Bd7 13. Bf4 Nxe5 14. dxe5 Bxb5 15. exf6 Bxf6 16. Bxb7 Bxf1 17. Bxa8 Qxa8 18. Qxf1 Bxb2 19. Rb1 Bd4 20. Qe2 h6 21. Rd1 Rd8 22. h3 Bb6 23. Rc1 Qd5 24. a4 Qd4 25. Bc7 Rc8 26. Rd1 Qxf2+ 27. Qxf2 Bxf2+ 28. Kxf2 Rxc7 29. Rd4 Rc2+ 30. Kf3 g5 31. Rd7 Rc3+ 32. Ke2 a5 33. Rb7 Ra3 0-1


[Site "https://www.chess.com"]

[Event "Titled Tuesday Blitz January 31 Late 2023"]
[White "Mosadeghpour, Masoud"]
[Black "Maximov, Dmitry"]
[WhiteFideId "12519278"]
[BlackFideId "14105659"]
[WhiteElo "2472"]
[BlackElo "2497"]
[Result "1-0"]
[Round "04"]
[TimeControl "180+2"]
[Date "2023.01.31"]
[WhiteClock "0:00:43"]
[BlackClock "0:00:28"]

1. e4 c5 2. d4 cxd4 3. c3 Nf6 4. e5 Nd5 5. Nf3 e6 6. cxd4 b6 7. Bd3 Be7 8. O-O O-O 9. Nc3 Nxc3 10. bxc3 Bb7 11. Qe2 d6 12. Bf4 d5 13. h4 Nd7 14. h5 Re8 15. Qe3 Nf8 16. h6 g6 17. Bg5 Rc8 18. Rac1 Qd7 19. Qf4 Qd8 20. Rfe1 Nd7 21. Re3 a6 22. a4 Qc7 23. Bxe7 Rxe7 24. Ng5 Rf8 25. Qh4 f5 26. exf6 Rxf6 27. Rce1 Qd6 28. Qg4 Nf8 29. Re5 Bc8 30. c4 Qa3 31. R5e3 dxc4 32. Bxc4 Qxa4 33. Bb3 Qb4 34. Qg3 Qxd4 35. Rd1 Qf4 36. Qxf4 Rxf4 37. Rd8 Bd7 38. Nxe6 Bxe6 39. Bxe6+ Kh8 40. Bc4 Rxe3 41. fxe3 Rf6 42. e4 b5 43. e5 Rf5 44. e6 Kg8 45. e7+ bxc4 46. e8=Q c3 47. Qe6+ Rf7 48. Qc4 g5 49. Qd5 c2 50. Rxf8+ 1-0


[Site "https://www.chess.com"]

[Event "Titled Tuesday Blitz January 31 Late 2023"]
[White "Tan, Zhongyi"]
[Black "Paravyan, David"]
[WhiteFideId "8603642"]
[BlackFideId "4194985"]
[WhiteElo "2517"]
[BlackElo "2601"]
[Result "0-1"]
[Round "04"]
[TimeControl "180+2"]
[Date "2023.01.31"]
[WhiteClock "0:00:03"]
[BlackClock "0:00:05"]

1. d4 Nf6 2. c4 g6 3. Nc3 d5 4. cxd5 Nxd5 5. g3 Bg7 6. Bg2 Nxc3 7. bxc3 c5 8. e3 O-O 9. Ne2 Nc6 10. O-O Na5 11. h3 Rb8 12. e4 b6 13. Bf4 e5 14. Bxe5 Bxe5 15. dxe5 Ba6 16. Re1 Qe7 17. Qd6 Rfe8 18. f4 Rbd8 19. Qxe7 Rxe7 20. Bf1 Rd2 21. Rad1 Red7 22. Rxd2 Rxd2 23. Nc1 Bxf1 24. Kxf1 Nc4 25. h4 h5 26. a4 Kf8 27. Ne2 Ra2 28. Kf2 Rxa4 29. Rd1 Ke7 30. Rd5 Ra2 31. f5 Rd2 32. Rxd2 Nxd2 33. Ke3 Nc4+ 34. Kf4 a5 35. Kg5 Nxe5 36. Nf4 a4 37. Nd5+ Kd6 38. fxg6 fxg6 39. Nxb6 a3 40. Kf6 a2 41. Nc8+ Kc7 42. Kxe5 Kxc8 0-1


[Site "https://www.chess.com"]

[Event "Titled Tuesday Blitz January 31 Late 2023"]
[White "Oparin, Grigoriy"]
[Black "Prydun, Andriy"]
[WhiteFideId "24125890"]
[BlackFideId "14145898"]
[WhiteElo "2667"]
[BlackElo "2134"]
[Result "1-0"]
[Round "04"]
[TimeControl "180+2"]
[Date "2023.01.31"]
[WhiteClock "0:00:34"]
[BlackClock "0:00:01"]

1. g3 c6 2. Bg2 d5 3. Nf3 Nd7 4. c4 Ndf6 5. O-O g6 6. d4 Bg7 7. cxd5 Nxd5 8. e4 Nc7 9. h3 Nf6 10. Nc3 O-O 11. Be3 Be6 12. Qe2 a6 13. Rfd1 Nb5 14. a4 Nxc3 15. bxc3 Nxe4 16. Qb2 Nd6 17. Ne5 Bd5 18. Bf1 b5 19. axb5 axb5 20. Rxa8 Qxa8 21. Nd7 Rd8 22. Nb6 Qb7 23. Nxd5 cxd5 24. Bf4 Nc4 25. Qb3 h6 26. Rb1 g5 27. Bc1 Rb8 28. h4 gxh4 29. Bf4 Rd8 30. gxh4 Qd7 31. Qd1 Qf5 32. Bg3 Nd6 33. Bxb5 Nxb5 34. Rxb5 Rc8 35. Rc5 Ra8 36. Kg2 e6 37. Rc7 Qe4+ 38. Qf3 Qxf3+ 39. Kxf3 Ra3 40. Kg4 Ra4 41. h5 Rc4 42. Rxc4 dxc4 43. Kf3 Kf8 44. Be5 f6 45. Bf4 Ke8 46. Ke4 Kd7 47. f3 Kc6 48. Ke3 f5 49. Kd2 Kd5 50. Kc2 Bf8 51. Kb2 Kc6 52. Be3 Kd5 53. Bf4 Kc6 54. Kb1 Kd5 55. Kc2 Kc6 56. Kd2 Kd5 57. Ke3 Kc6 58. Be5 Be7 59. Bg7 Kd5 60. Bxh6 e5 61. dxe5 Kxe5 62. Bg7+ Ke6 63. Kd4 Kf7 64. Be5 Ke6 65. Bf4 Bf6+ 66. Kxc4 Kf7 67. Kb4 Ke6 68. c4 Kd7 69. Kc5 Ke6 70. Kc6 Kf7 71. c5 Ke6 72. h6 Kf7 73. Kd7 Kg6 74. c6 1-0


[Site "https://www.chess.com"]

[Event "Titled Tuesday Blitz January 31 Late 2023"]
[White "Migot, Tangi"]
[Black "Dubov, Daniil"]
[WhiteFideId "662445"]
[BlackFideId "24126055"]
[WhiteElo "2373"]
[BlackElo "2708"]
[Result "0-1"]
[Round "04"]
[TimeControl "180+2"]
[Date "2023.01.31"]
[WhiteClock "0:00:16"]
[BlackClock "0:00:12"]

1. d4 Nf6 2. Nd2 d5 3. Ngf3 Bf5 4. c4 e6 5. e3 h6 6. a3 Nbd7 7. Be2 c6 8. O-O Bd6 9. b4 O-O 10. Bb2 a6 11. Qb3 Bg4 12. Rfe1 Qb8 13. h3 Bf5 14. a4 Ne4 15. Nxe4 dxe4 16. Nd2 Qd8 17. d5 Qg5 18. Bf1 c5 19. f4 exf3 20. Nxf3 Qg6 21. e4 Bxh3 22. Nh4 Qg3 23. Qxg3 Bxg3 24. Re3 Bxh4 25. Rxh3 Bg5 26. bxc5 Nxc5 27. Ba3 Nxe4 28. Bxf8 Kxf8 29. Rb1 Nc5 30. Rb6 Ke7 31. a5 Bf4 32. Rb1 Bc7 33. dxe6 fxe6 34. Rd1 Bxa5 35. Rg3 g5 36. Be2 Bc7 37. Rh3 Rh8 38. Rf3 Be5 39. Kf1 a5 40. g3 a4 41. Kg2 Bb2 42. Bd3 Rd8 43. Bc2 Rxd1 44. Bxd1 a3 45. Bb3 g4 46. Re3 Bd4 47. Re2 Nxb3 48. Ra2 Bb2 0-1


[Site "https://www.chess.com"]

[Event "Titled Tuesday Blitz January 31 Late 2023"]
[White "Hakobyan, Aram"]
[Black "Bernadskiy, Vitaliy"]
[WhiteFideId "13306677"]
[BlackFideId "14100371"]
[WhiteElo "2608"]
[BlackElo "2592"]
[Result "0-1"]
[Round "04"]
[TimeControl "180+2"]
[Date "2023.01.31"]
[WhiteClock "0:01:19"]
[BlackClock "0:01:04"]

1. d4 Nf6 2. Nf3 g6 3. g3 d5 4. Bg2 Bg7 5. O-O O-O 6. c4 Nc6 7. cxd5 Nxd5 8. Nc3 Nb6 9. e3 a5 10. Qe2 e5 11. dxe5 Qe7 12. Rd1 a4 13. h3 Nxe5 14. Nd4 c6 15. e4 Rd8 16. Rb1 Nec4 17. Nf3 Be6 18. Bg5 Rxd1+ 19. Nxd1 Qb4 20. e5 Qb5 21. Nc3 Qa5 22. Ne4 Nxe5 23. Nf6+ Bxf6 24. Bxf6 Nxf3+ 25. Bxf3 Qf5 26. Bd4 Qxb1+ 27. Kg2 Nd7 28. Be4 Qxe4+ 0-1


[Site "https://www.chess.com"]

[Event "Titled Tuesday Blitz January 31 Late 2023"]
[White "Abdrlauf, Elham"]
[Black "Yuan, Qingyu"]
[WhiteFideId "1533533"]
[BlackFideId "8609772"]
[WhiteElo "2518"]
[BlackElo "2373"]
[Result "1-0"]
[Round "04"]
[TimeControl "180+2"]
[Date "2023.01.31"]
[WhiteClock "0:02:17"]
[BlackClock "0:00:03"]

1. e4 e5 2. Nc3 Nf6 3. d4 exd4 4. Qxd4 Nc6 5. Qd3 Bb4 6. Ne2 d5 7. a3 Bxc3+ 8. Nxc3 dxe4 9. Qxd8+ Nxd8 10. Bg5 Bf5 11. Bxf6 gxf6 12. O-O-O c6 13. Re1 Ne6 14. Nxe4 Bxe4 15. Rxe4 O-O-O 16. Bc4 Rd6 17. Rhe1 Kd7 18. f4 f5 19. Re5 Rd4 20. Rxf5 Rxc4 21. Rxf7+ Kd6 22. Rf6 Re8 23. f5 Rf4 24. Rfxe6+ Rxe6 25. Rxe6+ Kd7 26. Rh6 Rf1+ 27. Kd2 Rf2+ 28. Kd3 Rxg2 29. Rxh7+ Kd6 30. Rxb7 Rxh2 31. Rxa7 Rf2 32. Rf7 Rf4 33. b3 c5 34. a4 Kc6 35. Kc3 Kd6 36. a5 Kc6 37. a6 Rxf5 38. Rxf5 1-0


[Site "https://www.chess.com"]

[Event "Titled Tuesday Blitz January 31 Late 2023"]
[White "Pulpan, Jakub"]
[Black "Lenderman, Aleksandr"]
[WhiteFideId "302759"]
[BlackFideId "2021285"]
[WhiteElo "2427"]
[BlackElo "2572"]
[Result "0-1"]
[Round "04"]
[TimeControl "180+2"]
[Date "2023.01.31"]
[WhiteClock "0:00:02"]
[BlackClock "0:00:16"]

1. d4 e6 2. Nc3 b6 3. e4 Bb7 4. Nf3 Bb4 5. Bd3 Nf6 6. e5 Ne4 7. O-O Bxc3 8. bxc3 Nxc3 9. Qd2 Bxf3 10. Qxc3 Bb7 11. f4 g6 12. Ba3 Nc6 13. d5 Ne7 14. dxe6 fxe6 15. Bxe7 Kxe7 16. Be2 Rf8 17. Rad1 Rf7 18. Qa3+ c5 19. Bf3 Bxf3 20. Qxf3 Kf8 21. Rd6 Ke8 22. Rfd1 Re7 23. Qb7 Qc8 24. Qf3 Rb8 25. h4 Qb7 26. Qd3 Rd8 27. h5 Kf7 28. Rf1 Rg8 29. Rf3 Ke8 30. Rg3 Reg7 31. Qb5 Kd8 32. h6 Rf7 33. Rgd3 Kc8 34. a4 Rd8 35. Qc4 g5 36. f5 Rxf5 37. Rxe6 Rf4 38. Qa2 c4 39. Re7 cxd3 40. cxd3 Qc6 41. Rxh7 Qc1+ 42. Kh2 Rh4+ 43. Kg3 Qf4# 0-1


[Site "https://www.chess.com"]

[Event "Titled Tuesday Blitz January 31 Late 2023"]
[White "Goltsev, Dmitry"]
[Black "Babazada, Khazar"]
[WhiteFideId "24176710"]
[BlackFideId "13413554"]
[WhiteElo "2269"]
[BlackElo "2474"]
[Result "0-1"]
[Round "04"]
[TimeControl "180+2"]
[Date "2023.01.31"]
[WhiteClock "0:01:12"]
[BlackClock "0:01:36"]

1. e4 Nf6 2. e5 Nd5 3. c4 Nb6 4. d4 d6 5. exd6 cxd6 6. Nc3 g6 7. Nf3 Bg7 8. Be2 O-O 9. O-O Bf5 10. Be3 Nc6 11. h3 d5 12. c5 Nc8 13. Qb3 e6 14. Qxb7 N8e7 15. Qa6 Be4 16. Rfd1 Rb8 17. Nb5 Qd7 18. Ng5 Nf5 19. Nxe4 dxe4 20. Bc4 Nb4 21. Qa4 Nd5 22. Re1 Ndxe3 23. fxe3 Bh6 24. Qxa7 Qxa7 25. Nxa7 Bxe3+ 26. Kh1 Rxb2 27. Rab1 Rd2 28. c6 Bxd4 29. Nb5 Be5 30. Rxe4 Ng3+ 31. Kg1 Nxe4 32. Re1 Bg3 33. Rxe4 Rd1+ 34. Bf1 h5 35. h4 Rc1 36. Nd4 Rb8 37. Ne2 Rxf1+ 38. Kxf1 Rb1+ 39. Nc1 Rxc1+ 0-1


[Site "https://www.chess.com"]

[Event "Titled Tuesday Blitz January 31 Late 2023"]
[White "Quispe Arteaga, Gabriel"]
[Black "Yoo, Christopher Woojin"]
[WhiteFideId "32059809"]
[BlackFideId "30909694"]
[WhiteElo "2381"]
[BlackElo "2607"]
[Result "0-1"]
[Round "04"]
[TimeControl "180+2"]
[Date "2023.01.31"]
[WhiteClock "0:00:04"]
[BlackClock "0:00:04"]

1. d4 Nf6 2. c4 e6 3. Nc3 Bb4 4. Qc2 c5 5. dxc5 O-O 6. Nf3 Bxc5 7. e3 d5 8. cxd5 exd5 9. Be2 Nc6 10. O-O Bg4 11. Rd1 Bb6 12. Qb3 Na5 13. Qa4 Be6 14. Nd4 Rc8 15. Nxe6 fxe6 16. Bd2 Nc4 17. Rab1 Qe7 18. Be1 Qf7 19. Nb5 Ne4 20. Bf3 Ng5 21. Be2 Nxe3 22. Rd4 Bxd4 23. Qxd4 Nc2 24. Qxa7 Nxe1 25. Rxe1 Qf4 26. g3 Qd2 27. Kf1 Ne4 28. f4 Rc1 29. Rxc1 Qxc1+ 30. Kg2 Qxb2 31. Kf1 Qb1+ 32. Kg2 Qc2 33. Kf1 Qc1+ 34. Kg2 Qd2 35. Kf1 Rc8 0-1


[Site "https://www.chess.com"]

[Event "Titled Tuesday Blitz January 31 Late 2023"]
[White "Hansen, Eric"]
[Black "Corrales Jimenez, Fidel"]
[WhiteFideId "2606771"]
[BlackFideId "3506690"]
[WhiteElo "2609"]
[BlackElo "2489"]
[Result "1/2-1/2"]
[Round "04"]
[TimeControl "180+2"]
[Date "2023.01.31"]
[WhiteClock "0:00:05"]
[BlackClock "0:00:04"]

1. c4 c6 2. Nf3 d5 3. e3 Nf6 4. b3 g6 5. Bb2 Bg7 6. Be2 O-O 7. O-O b6 8. cxd5 cxd5 9. d4 Ba6 10. Bxa6 Nxa6 11. Qe2 Qc8 12. Ba3 Re8 13. Rc1 Qb7 14. Nc3 Nc7 15. Ne5 e6 16. Bd6 Rac8 17. g3 Bf8 18. Bxc7 Rxc7 19. Nb5 Rcc8 20. Rc2 a6 21. Nc3 Bb4 22. Rac1 Ba3 23. Rd1 Rc7 24. Nb1 Rxc2 25. Qxc2 Rc8 26. Qe2 Bd6 27. Nd3 b5 28. b4 Rc4 29. a3 a5 30. Qb2 axb4 31. axb4 Ne4 32. Na3 Rc8 33. Nc5 Bxc5 34. dxc5 d4 35. Rxd4 Ng5 36. e4 Nf3+ 37. Kg2 Nxd4 38. Qxd4 h5 39. h4 Kh7 40. Qd3 Rb8 41. Nc2 e5 42. Ne3 Ra8 43. Nd5 Qc6 44. Qc3 Re8 45. Qf3 Kg7 46. Qc3 f6 47. Qa3 Rd8 48. Qa7+ Rd7 49. Qb8 Rf7 50. Qd8 f5 51. f3 fxe4 52. fxe4 Qe6 53. Qg5 Qa6 54. Qxe5+ Kh7 55. Nf4 Qa2+ 56. Kh3 Qb1 57. Kg2 Qc2+ 58. Kh3 Qd1 59. Kg2 Qd2+ 60. Kh3 Qe1 61. Kg2 Qxb4 62. Qd5 Qb2+ 63. Kh3 Rg7 64. Ne6 Qc1 65. Ng5+ Kh6 66. Kg2 Qc2+ 67. Kh3 Qb1 68. Kg2 Qb2+ 69. Kh3 Qc1 70. Kg2 Qc2+ 71. Kh3 Qb1 72. Kg2 Qc2+ 1/2-1/2


[Site "https://www.chess.com"]

[Event "Titled Tuesday Blitz January 31 Late 2023"]
[White "Milikow, Yoav"]
[Black "Kazakouski, Valery"]
[WhiteFideId "2822237"]
[BlackFideId "13507443"]
[WhiteElo "2394"]
[BlackElo "2539"]
[Result "0-1"]
[Round "04"]
[TimeControl "180+2"]
[Date "2023.01.31"]
[WhiteClock "0:00:14"]
[BlackClock "0:01:31"]

1. d4 Nf6 2. c4 e6 3. Nc3 Bb4 4. Qc2 Nc6 5. Nf3 d6 6. Bd2 O-O 7. a3 Bxc3 8. Bxc3 Qe7 9. e4 e5 10. d5 Nb8 11. Nd2 Nh5 12. g3 a5 13. Be2 g6 14. O-O-O Ng7 15. f4 Nd7 16. f5 Nc5 17. g4 c6 18. Rdf1 f6 19. a4 Bd7 20. b3 Rfb8 21. g5 gxf5 22. exf5 cxd5 23. cxd5 b5 24. axb5 Bxb5 25. Bc4 a4 26. b4 Nb3+ 27. Kd1 Nxd2 28. Bxb5 Nxf1 29. Bxf1 a3 30. Bd3 a2 31. Kd2 fxg5 32. Ra1 g4 33. Kd1 Qg5 34. Qf2 Ra3 35. Bd2 Rxd3 36. Rxa2 Qxf5 37. Qa7 Qf1+ 38. Kc2 Rc8+ 0-1


[Site "https://www.chess.com"]

[Event "Titled Tuesday Blitz January 31 Late 2023"]
[White "Grigoriants, Sergey"]
[Black "Musovic, Armin"]
[WhiteFideId "4130804"]
[BlackFideId "939935"]
[WhiteElo "2562"]
[BlackElo "2261"]
[Result "1-0"]
[Round "04"]
[TimeControl "180+2"]
[Date "2023.01.31"]
[WhiteClock "0:00:17"]
[BlackClock "0:00:08"]

1. d4 d5 2. c4 c5 3. Nf3 Nf6 4. cxd5 cxd4 5. Qxd4 Qxd5 6. Nc3 Qxd4 7. Nxd4 a6 8. g3 e5 9. Nc2 Bf5 10. Ne3 Be6 11. Bg2 Nc6 12. O-O O-O-O 13. b3 Nd4 14. Bb2 Kb8 15. Nc4 Bxc4 16. bxc4 Bb4 17. Kh1 h5 18. e3 Nf5 19. Nd5 Nxd5 20. Bxd5 f6 21. Rab1 Bc5 22. Bc3 Nd6 23. Rb3 Ka7 24. Rfb1 Rd7 25. Kg2 h4 26. a4 h3+ 27. Kf3 Re7 28. g4 g5 29. a5 Rhh7 30. Kg3 Reg7 31. Rb6 Bxb6 32. Rxb6 Rd7 33. Bb4 Ne8 34. Bc5 Kb8 35. Be4 Rhg7 36. Re6 Rd8 37. Kxh3 Rc8 38. Bb6 Nc7 39. Rxf6 Na8 40. c5 Nxb6 41. cxb6 Rd8 42. Kg3 Rh8 43. Re6 Rd7 44. Rxe5 Rd1 45. Rxg5 Rg1+ 46. Bg2 Ra1 47. Rg7 Rxa5 48. Rxb7+ Kc8 49. Ra7 Rh6 50. Ra8+ Kd7 51. b7 Rb6 52. b8=Q Rxb8 53. Rxb8 Rb5 54. Rxb5 axb5 55. Be4 b4 56. h4 Kd6 57. h5 Ke5 58. Bb1 1-0


[Site "https://www.chess.com"]

[Event "Titled Tuesday Blitz January 31 Late 2023"]
[White "Crevatin, Leo"]
[Black "Kowalski, Igor"]
[WhiteFideId "1726307"]
[BlackFideId "1172468"]
[WhiteElo "2292"]
[BlackElo "2380"]
[Result "0-1"]
[Round "04"]
[TimeControl "180+2"]
[Date "2023.01.31"]
[WhiteClock "0:00:15"]
[BlackClock "0:01:03"]

1. d4 Nf6 2. c4 g6 3. Nc3 Bg7 4. e4 d6 5. f3 O-O 6. Be3 Nbd7 7. Nge2 c5 8. Qd2 Qa5 9. d5 a6 10. Ng3 h5 11. h4 Ne5 12. Be2 Bd7 13. a4 b5 14. cxb5 axb5 15. Nxb5 Qb6 16. O-O Qb7 17. b4 c4 18. Nc3 Qxb4 19. Rfb1 Qa5 20. Nf1 Rfb8 21. Rxb8+ Rxb8 22. Nb5 Rxb5 23. Qxa5 Rxa5 24. Bd1 Nd3 25. Bb6 Ra6 26. a5 Nxd5 0-1


[Site "https://www.chess.com"]

[Event "Titled Tuesday Blitz January 31 Late 2023"]
[White "Sanchez, Robert"]
[Black "Carlsen, Magnus"]
[WhiteFideId "2034360"]
[BlackFideId "1503014"]
[WhiteElo "1966"]
[BlackElo "2853"]
[Result "0-1"]
[Round "04"]
[TimeControl "180+2"]
[Date "2023.01.31"]
[WhiteClock "0:00:08"]
[BlackClock "0:01:06"]

1. e4 c5 2. Nf3 e6 3. d4 cxd4 4. Nxd4 Nc6 5. Nc3 a6 6. Nxc6 bxc6 7. Bd3 d5 8. O-O Nf6 9. Qe2 Bb7 10. f4 Be7 11. e5 Nd7 12. f5 exf5 13. Bxf5 O-O 14. Bf4 Nc5 15. Qg4 g6 16. Bh6 Qb6 17. Kh1 Qxb2 18. Bxf8 Rxf8 19. Qg3 d4 20. Ne4 Nxe4 21. Bxe4 Bc8 22. Rab1 Qxa2 23. Rb8 Be6 24. Rxf8+ Bxf8 25. h4 Qa5 26. h5 Bg7 27. hxg6 hxg6 28. Bxg6 fxg6 29. Qxg6 Qxe5 30. Qe8+ Kh7 31. Rf3 Qe1+ 32. Kh2 Be5+ 33. g3 Qe2+ 0-1


[Site "https://www.chess.com"]

[Event "Titled Tuesday Blitz January 31 Late 2023"]
[White "So, Wesley"]
[Black "EREBUNI91"]
[WhiteFideId "5202213"]
[WhiteElo "2760"]
[BlackElo "2685"]
[Result "1-0"]
[Round "04"]
[TimeControl "180+2"]
[Date "2023.01.31"]
[WhiteClock "0:00:45"]
[BlackClock "0:00:07"]

1. d4 Nf6 2. c4 e6 3. Nc3 Bb4 4. e3 O-O 5. Bd3 d5 6. Nf3 dxc4 7. Bxc4 c5 8. O-O cxd4 9. exd4 b6 10. Bg5 Bb7 11. Rc1 Be7 12. Qe2 Nc6 13. Rfd1 Nb4 14. Ne5 Rc8 15. Nxf7 Rxf7 16. Bxe6 Qd6 17. Bxc8 Bxc8 18. Ne4 Qe6 19. Bxf6 gxf6 20. d5 Nxd5 21. Rxd5 Qxd5 22. Rxc8+ Bf8 23. b3 f5 24. Ng3 f4 25. Qg4+ Kh8 26. Nf1 Qf5 27. h3 Qxg4 28. hxg4 Kg7 29. Rc4 Bc5 30. b4 Bd6 31. Nd2 Re7 32. Kf1 b5 33. Rd4 Be5 34. Re4 Kf6 35. Ke2 Rd7 36. Nf3 Bd6 37. Rd4 Re7+ 38. Kd3 Bc7 39. Rd5 a6 40. Nd4 Kg6 41. Kd2 Kf7 42. f3 Bb6 43. Rd6 Bxd4 44. Rxd4 Re3 45. Rxf4+ 1-0


[Site "https://www.chess.com"]